Map: Dusk Towers

Players

thePhoenix - Winner!

  • Race: Protoss Protoss
  • League: Silver
  • Spawn Location: 7:00

Fropez

  • Race: Protoss Protoss
  • League: Silver
  • Spawn Location: 1:00

VOD

Have the link to the VOD?

Description

Time

  • Played on: May 16, 2016, 4:39 p.m.
  • Length: 9:37
Show
View Real Time Build Order
Export as new Build Order

thePhoenix Protoss - Winner!

Build Orders:  

Get SALT Encoding   

  12  0:04  Probe (Chrono Boost)  
  13  0:14  Probe (Chrono Boost)  
  13  0:18  Pylon  
  14  0:26  Probe (Chrono Boost)  
  15  0:33  Assimilator  
  15  0:38  Probe (Chrono Boost), Assimilator  
  16  0:51  Probe (Chrono Boost)  
  17  1:02  Probe (Chrono Boost)  
  18  1:16  Probe (Chrono Boost)  
  19  1:27  Probe (Chrono Boost)  
  19  1:32  Nexus  
  20  1:37  Probe (Chrono Boost)  
  21  2:02  Nexus  
  21  2:26  Gateway  
  21  2:29  Gateway  
  21  2:48  Probe (Chrono Boost)  
  21  2:49  Probe (Chrono Boost)  
  23  2:53  Pylon  
  23  2:55  Pylon  
  23  3:00  Forge  
  23  3:14  Probe (Chrono Boost)  
  24  3:29  Pylon  
  24  3:38  Probe x3 (Chrono Boost)  
  24  3:40  Photon Cannon  
  27  3:47  Probe x2 (Chrono Boost), Protoss Ground Weapons Level 1 (Chrono Boost)  
  27  3:48  Probe (Chrono Boost)  
  30  3:57  Cybernetics Core  
  30  4:00  Probe  
  31  4:03  Probe x2  
  33  4:17  Assimilator  
  33  4:21  Probe x2, Assimilator  
  33  4:22  Probe  
  36  4:24  Assimilator  
  36  4:28  Assimilator  
  36  4:30  Pylon  
  36  4:46  Robotics Facility  
  36  4:54  Robotics Facility  
  36  5:05  Probe x2  
  37  5:07  Probe  
  37  5:11  Warp Gate  
  39  5:17  Twilight Council  
  39  5:19  Pylon  
  39  5:21  Stargate  
  39  5:25  Probe x2  
  39  5:26  Probe  
  42  5:30  Protoss Shields Level 1 (Chrono Boost)  
  42  5:35  Probe, Immortal (Chrono Boost)  
  46  5:38  Probe  
  48  5:43  Pylon  
  48  5:51  Immortal (Chrono Boost)  
  48  5:54  Pylon  
  52  5:58  Blink  
  52  6:08  Photon Cannon  
  52  6:10  Dark Shrine  
  52  6:11  Warp Prism (Chrono Boost)  
  54  6:26  Observer (Chrono Boost)  
  54  6:31  Oracle (Chrono Boost)  
  58  6:45  Photon Cannon  
  58  6:48  Pylon  
  58  6:50  Pylon  
  58  6:55  Probe  
  58  6:56  Pylon, Probe x2  
  58  6:58  Pylon  
  61  7:05  Probe  
  61  7:08  Probe x2  
  64  7:11  Pylon  
  64  7:15  Pylon  
  64  7:16  Probe  
  64  7:17  Pylon  
  64  7:18  Pylon  
  64  7:20  Probe x2  
  64  7:22  Pylon  
  67  7:26  Probe  
  61  7:38  Stalker  
  61  7:39  Stalker  
  53  7:54  Probe  
  53  7:55  Probe x2  
  55  8:05  Probe  
  55  8:07  Probe  
  55  8:08  Probe  
  58  8:14  Warp Prism  
  60  8:26  Immortal  
  64  8:29  Probe  
  64  8:30  Probe x2  
  67  8:39  Probe  
  68  8:42  Probe  
  68  8:45  Oracle  
  68  8:46  Immortal  
  76  8:57  Dark Templar x2  
Show
View Real Time Build Order
Export as new Build Order

Fropez Protoss 

Build Orders:  

Get SALT Encoding   

  12  0:13  Pylon  
  12  0:33  Gateway  
  12  0:39  Assimilator  
  12  1:05  Pylon  
  12  1:07  Probe (Chrono Boost)  
  12  1:11  Pylon  
  13  1:24  Cybernetics Core  
  13  1:35  Gateway  
  13  1:42  Probe (Chrono Boost)  
  14  1:50  Assimilator  
  15  2:10  Mothership Core (Chrono Boost)  
  16  2:25  Pylon  
  16  2:28  Probe (Chrono Boost)  
  17  2:35  Warp Gate (Chrono Boost)  
  16  2:39  Probe  
  17  2:59  Stalker  
  17  3:04  Probe  
  20  3:16  Probe  
  21  3:24  Stalker  
  23  3:35  Stalker  
  23  3:39  Probe  
  26  3:54  Twilight Council  
  26  3:57  Probe  
  27  4:09  Probe  
  28  4:21  Probe  
  28  4:23  Stalker  
  31  4:28  Stalker  
  33  4:38  Probe  
  34  4:42  Blink (Chrono Boost)  
  34  4:50  Probe  
  35  5:02  Probe  
  36  5:11  Stalker  
  38  5:14  Probe  
  38  5:16  Stalker  
  41  5:26  Probe  
  42  5:29  Pylon  
  42  5:31  Pylon  
  42  5:43  Pylon  
  42  5:45  Probe  
  43  5:57  Probe  
  43  6:00  Stalker x2  
  48  6:14  Probe  
  49  6:18  Forge  
  49  6:26  Probe  
  50  6:35  Nexus  
  50  6:40  Stalker  
  50  6:44  Stalker  
  50  7:43  Stalker x2  
  51  7:44  Probe  
  51  7:45  Protoss Ground Weapons Level 1 (Chrono Boost)  
  47  7:53  Gateway  
  47  7:55  Gateway  
  41  8:16  Gateway  
  41  8:19  Gateway x2  
  41  8:22  Photon Cannon  
  41  8:23  Photon Cannon  
  41  8:25  Pylon  
  41  8:26  Stalker  
  43  8:27  Stalker  
  43  8:34  Probe  
  46  8:42  Assimilator  
  46  8:45  Assimilator  
  46  8:54  Stalker x2  
  50  8:58  Stalker  
  50  9:00  Stalker  
  46  9:20  Photon Cannon  
Tags
 
Matchup
PvP
Replay Pack
All Mines
Spawn Locations
Cross Positions
Add a new tag
Caveats
  • Supply blocks, unpowered buildings, or Contaminate may cause inaccurate times.
  • Supply counts are checked every 10 seconds.